 Seeded DCSS version 0.29.1-15-g9cfb28693d (webtiles) character file.

Game seed: 16245865983455551772 (custom seed)

2735 Darius099 the Covert (level 9, -6/54 HPs)
             Began as an Octopode Brigand on Mar 8, 2023.
             Was a Believer of Dithmenos.
             Mangled by Amaemon
             ... wielding a +0 demon whip of venom
              (9 damage)
             ... on level 8 of the Dungeon.
             The game lasted 00:17:25 (6615 turns).

Darius099 the Covert (Octopode Brigand)             Turns: 6615, Time: 00:17:25

Health: -6/54      AC:  3    Str: 16    XL:     9   Next: 67%
Magic:  9/9        EV: 13    Int: 26    God:    Dithmenos [**....]
Gold:   336        SH:  6    Dex: 32    Spells: 8/8 levels left

rFire   + . .      SeeInvis .   z - +1 dagger (venom)
rCold   . . .      Faith    .   d - +0 buckler of the Black Moon {rN+ Dex+4 Stlth+}
rNeg    + . .      Spirit   .   j - +2 hat of the Past {Dex+4}
rPois   .          Reflect  .   q - amulet of regeneration
rElec   +          Harm     .   h - +6 ring of intelligence
rCorr   +          Rampage  .   i - +6 ring of intelligence
Will    +....                   t - ring "Vokug" {rElec rF+ Will+ Str+6 Dex+4} Stlth *+++++++++
                                w - ring of Elojot {rCorr Dex+3}
HPRegen 0.98/turn               (no ring)
MPRegen 0.11/turn               (no ring)
                                (no ring)
                                (no ring)

@: brilliant, lethally poisoned (-6 -> -20), about to teleport, wreathed by
umbra
A: almost no armour, amphibious, 8 rings, camouflage 1, gelatinous body 1,
(nimble swimmer 1), tentacles
a: Renounce Religion, Shadow Step


You were on level 8 of the Dungeon.
You worshipped Dithmenos.
Dithmenos was pleased with you.
You visited 1 branch of the dungeon, and saw 8 of its levels.

You collected 1658 gold pieces.
You spent 1322 gold pieces at shops.

Inventory:

Hand Weapons
 z - a +1 dagger of venom (weapon)
Missiles
 b - 30 poisoned darts (quivered)
 c - 4 curare-tipped darts
 G - 6 silver boomerangs
Armour
 d - the +0 buckler of the Black Moon (worn) {rN+ Dex+4 Stlth+}
   (You acquired it on level 1 of the Dungeon)

   Dex:       It affects your dexterity (+4).
   rN:        It protects you from negative energy.
   Stlth:     It makes you more stealthy.
 j - the +2 hat of the Past (worn) {Dex+4}
   (You acquired it on level 1 of the Dungeon)

   Dex:       It affects your dexterity (+4).
Jewellery
 h - a +6 ring of intelligence (left tentacle)
 i - a +6 ring of intelligence (right tentacle)
 q - an amulet of regeneration (around mantle)
 t - the ring "Vokug" (on tentacle) {rElec rF+ Will+ Str+6 Dex+4}
   (You bought it in a shop on level 7 of the Dungeon)

   [ring of strength]

   Str:       It affects your strength (+6).
   Dex:       It affects your dexterity (+4).
   rF:        It protects you from fire.
   rElec:     It insulates you from electricity.
   Will:      It increases your willpower.
 u - a ring of ice
 w - the ring of Elojot (on tentacle) {rCorr Dex+3}
   (You bought it in a shop on level 4 of the Dungeon)

   [ring of resist corrosion]

   Dex:       It affects your dexterity (+3).
   rCorr:     It protects you from acid and corrosion.
Wands
 o - a wand of roots (25)
 B - a wand of flame (53)
 H - a wand of charming (11)
Scrolls
 g - 8 scrolls of teleportation
 k - a scroll of acquirement
 m - 2 scrolls of summoning {unknown}
 n - a scroll of enchant weapon {unknown}
 p - a scroll of noise {unknown}
 r - 2 scrolls of immolation {unknown}
 y - a scroll of silence {unknown}
 A - a scroll of butterflies {unknown}
 C - 4 scrolls of identify
 D - a scroll of amnesia {unknown}
 E - a scroll of poison {unknown}
Potions
 a - 3 potions of brilliance
 e - a potion of might
 f - 2 potions of flight
 l - 2 potions of lignification
 s - 2 potions of curing {unknown}
 v - a potion of berserk rage
 x - a potion of heal wounds {unknown}
 F - a potion of attraction {unknown}
 I - 2 potions of degeneration {unknown}


   Skills:
 - Level 2.0 Fighting
 + Level 9.4 Short Blades
 - Level 2.0 Throwing
 - Level 1.0 Dodging
 + Level 13.7 Stealth
 - Level 1.0 Shields
 + Level 0.0 Spellcasting
 + Level 0.0 Hexes


You had 8 spell levels left.
You didn't know any spells.
Your spell library contained the following spells:

 Spells                   Type           Power      Damage    Failure   Level
 Sting                    Tmut/Pois      0%         1d3       17%         1
 Poisonous Vapours        Pois/Air       0%         N/A       26%         2
 Confusing Touch          Hex            0%         N/A       45%         3
 Olgreb's Toxic Radiance  Pois           0%         N/A       86%         4
 Yara's Violent Unravell  Hex/Tmut       0%         3d3       99%         5
 Enfeeble                 Hex            0%         N/A       100%        7
 Chain Lightning          Conj/Air       0%         N/A       100%        9
 Fire Storm               Conj/Fire      0%         5d1       100%        9
 Shatter                  Erth           0%         3d5*      100%        9


Dungeon Overview and Level Annotations

Branches:
Dungeon (8/15)             Temple (0/1) D:5
   Lair: D:8-11

Altars:
Cheibriados
Dithmenos
Hepliaklqana
Makhleb
Zin

Shops:
D:3 [   D:4 *:[   D:7 =

Annotations:
D:8 Amaemon


Innate Abilities, Weirdness & Mutations

You cannot wear most types of armour.
You are amphibious.
You can wear up to eight rings at the same time.
Your skin changes colour to match your surroundings (Stealth+).
Your rubbery body absorbs attacks. (AC +1, EV +1)
((You are camouflaged when in or above water. (Stealth+)))
You have tentacles for arms and can constrict up to eight enemies at once.


Message History

The orc shouts!
Amaemon misses you. Amaemon claws you but does no damage.
Amaemon tail-slaps you. Amaemon attacks as you move away!
Amaemon closely misses you. Amaemon claws you but does no damage.
Amaemon tail-slaps you but does no damage.
You hit Amaemon.
Amaemon is poisoned.
Your grab misses Amaemon.
Amaemon is lightly wounded.
Amaemon hits you with a +0 demon whip of venom!
You are poisoned.
Amaemon misses you. Amaemon tail-slaps you.
You are more poisoned.
Amaemon poisons you!
You hit Amaemon.
Amaemon looks as sick as possible!
You grab Amaemon.
Amaemon is lightly wounded.
You constrict Amaemon.
You feel very sick.
Amaemon hits you with a +0 demon whip of venom.
Amaemon closely misses you. x2
It was a potion of brilliance.
You feel clever all of a sudden.
You constrict Amaemon.
You feel extremely sick.
Amaemon mumbles some strange words.
You hit Amaemon.
Amaemon looks as sick as possible!
Amaemon is moderately wounded.
You constrict Amaemon.
You feel very sick.
Okay, then.
As you read the scroll of teleportation, it crumbles to dust.
You feel strangely unstable.
You constrict Amaemon.
You feel very sick. The scorpion stings you.
* * * LOW HITPOINT WARNING * * *
An orc priest comes into view. It is wielding a +0 trident.
Amaemon hits you with a +0 demon whip of venom!
* * * LOW HITPOINT WARNING * * *
You are more poisoned.
Amaemon claws you!
You die...

#########.#
#.........#
#.#######.#
#......##.#
######.##.####
#...#.......#
#.#.###.###.#
#s#.....#
#.#####
#@#######
#....<# #6#
####### #c#
#######4###
......oo..#
o4.o........#
......o...#.#
..######### #
.


You could see Amaemon (extremely poisoned), an orange demon, a centaur, a
scorpion (summoned), an orc priest and 2 orcs.

Vanquished Creatures
  Sigmund (D:5)
  A steam dragon (D:7)
  A water moccasin (D:6)
  An ice beast (D:7)
  2 orc warriors
  A black bear (D:5)
  An ogre (D:4)
  A phantom (D:6)
  A centaur (D:5)
  A kobold brigand (D:6)
  4 bullfrogs
  2 necrophages
  5 scorpions
  4 wights (D:7)
  2 howler monkeys (D:7)
  2 orc priests
  A gnoll bouda (D:7)
  4 hounds
  An iron imp (D:4)
  Jessica (D:2)
  3 iguanas
  3 orc wizards
  Natasha (thrice) (D:3)
  A hound skeleton (D:4)
  8 gnolls
  5 adders
  A white imp (D:5)
  A dart slug (D:5)
  14 orcs
  6 ball pythons
  3 bats
  8 endoplasms
  A giant cockroach (D:4)
  5 goblins
  8 hobgoblins
  12 kobolds
  4 quokkas
  3 frilled lizards
  7 rats
133 creatures vanquished.

Vanquished Creatures (others)
  9 fungi (D:8)
  20 plants
29 creatures vanquished.

Grand Total: 162 creatures vanquished

Notes
Turn   | Place    | Note
-------+----------+-------------------------------------------
     0 | D:1      | Darius099 the Octopode Brigand began the quest for the Orb.
     0 | D:1      | Reached XP level 1. HP: 14/14 MP: 1/1
   159 | D:1      | Reached XP level 2. HP: 19/19 MP: 2/2
   224 | D:1      | Found a faded altar of an unknown god.
   850 | D:1      | Reached skill level 6 in Stealth
   947 | D:1      | Reached XP level 3. HP: 24/24 MP: 3/3
   952 | D:1      | Identified 3 scrolls of acquirement
   952 | D:1      | Acquired the +2 hat of the Past {Dex+4}
   953 | D:1      | Acquired the +0 buckler of the Black Moon {rN+ Dex+4
                  | Stlth+}
   954 | D:1      | Acquired 1243 gold pieces
  1085 | D:2      | Noticed Jessica
  1089 | D:2      | Killed Jessica
  1090 | D:2      | Reached skill level 1 in Shields
  1090 | D:2      | Reached XP level 4. HP: 29/29 MP: 4/4
  1843 | D:3      | Found Ymmy Ciutu's Antique Armour Shoppe.
  1856 | D:3      | Noticed Natasha
  1868 | D:3      | Killed Natasha
  1869 | D:3      | Reached skill level 7 in Stealth
  1869 | D:3      | Reached XP level 5. HP: 24/34 MP: 5/5
  1935 | D:3      | Noticed Natasha
  2311 | D:3      | Killed Natasha
  2382 | D:3      | Reached XP level 6. HP: 39/39 MP: 6/6
  2465 | D:3      | Noticed Natasha
  2473 | D:3      | Killed Natasha
  2597 | D:4      | You fall into a shaft and drop 3 floors!
  2625 | D:7      | Found Dackej's Jewellery Shoppe.
  2631 | D:7      | Bought the ring "Vokug" {rElec rF+ Will+ Str+6 Dex+4} for
                  | 923 gold pieces
  2677 | D:6      | Reached skill level 8 in Stealth
  2712 | D:5      | Entered Level 5 of the Dungeon
  2816 | D:5      | Found a glowing silver altar of Zin.
  2846 | D:5      | Noticed a black bear
  2852 | D:5      | Killed a black bear
  2952 | D:5      | Reached skill level 5 in Short Blades
  2976 | D:4      | Found Gamycsypi's Antique Armour Boutique.
  3057 | D:4      | Found Koenoidu's Book Boutique.
  3068 | D:4      | Found Tuuwolaw's General Store.
  3172 | D:4      | Reached XP level 7. HP: 45/45 MP: 7/7
  3206 | D:4      | Bought the ring of Elojot {rCorr Dex+3} for 399 gold pieces
  3231 | D:4      | Reached skill level 9 in Stealth
  3309 | D:4      | Found a snail-covered altar of Cheibriados.
  3420 | D:4      | Found a burning altar of Makhleb.
  3462 | D:4      | Found a shadowy altar of Dithmenos.
  3475 | D:4      | Became a worshipper of Dithmenos the Shadowed
  3536 | D:4      | HP: 2/45 [ogre/+0 giant club (28)]
  3746 | D:5      | Noticed Sigmund
  3796 | D:5      | Reached skill level 10 in Stealth
  3835 | D:5      | Found a staircase to the Ecumenical Temple.
  4117 | D:5      | Reached XP level 8. HP: 38/50 MP: 8/8
  4327 | D:5      | Killed Sigmund
  5064 | D:6      | Reached skill level 11 in Stealth
  5178 | D:6      | Reached * piety under Dithmenos
  5361 | D:6      | Reached skill level 12 in Stealth
  5882 | D:7      | Reached XP level 9. HP: 46/54 MP: 9/9
  6016 | D:7      | Reached skill level 13 in Stealth
  6088 | D:7      | Found a hazy altar of Hepliaklqana.
  6377 | D:7      | Reached ** piety under Dithmenos
  6605 | D:8      | Noticed Amaemon
  6605 | D:8      | Noticed an orange demon
  6615 | D:8      | Mangled by Amaemon

Illustrated notes

Levels and vault maps discovered:
D:1:      minmay_arrival_hallway, layout_loops_corners, basic_ecumenical_altar,
          minmay_unequal
D:2:      layout_loops_ring, uniq_jessica
D:3:      layout_basic, serial_shops, nicolae_shop_advertising_works
          [nicolae_subvault_shop_adworks], minmay_shallow_snake_nest,
          uniq_natasha
D:4:      layout_rooms, grunt_dithmenos_smoke_and_mirrors,
          makhleb_blood_cavern_becter, slow_altar_1, serial_shops,
          nicolae_square_shop, nicolae_shop_temple_entry_statues_fountains,
          kennysheep_mini_moat, chequers_serial_rivers_large_a,
          minmay_fractal_squares_gapless_5
D:5:      layout_layer_cave, mainiacjoe_overflow_cross_hatched,
          lemuel_temple_firewalk_b, uniq_sigmund
D:6:      layout_basic
D:7:      layout_basic, nicolae_hepliaklqana_hazy_memory, serial_shops,
          nicolae_stop_n_shop_2
D:8:      layout_basic, nicolae_qazlal_style_of_elements,
          grunt_lair_entry_orc_guard_hut, uniq_amaemon, uniq_psyche,
          uniq_joseph, uniq_maurice

Skill      XL: |  1  2  3  4  5  6  7  8  9 |
---------------+----------------------------+-----
Stealth        | 6 7 8 10 12 13 | 13.7
Short Blades   | 3 4 5 6 8 9 |  9.4
Shields        | 1 |  1.0
Fighting       | |  2.0
Throwing       | |  2.0
Dodging        | |  1.0

Action                   |  1- 3 |  4- 6 |  7- 9 || total
-------------------------+-------+-------+-------++-------
Melee: Dagger            |    25 |    77 |   170 ||   272
       Tentacles         |     2 |    13 |    42 ||    57
       Constrict         |     1 |    15 |    36 ||    52
       Punch             |       |     2 |     3 ||     5
  Use: Scroll            |     3 |       |     6 ||     9
       Potion            |       |       |     1 ||     1
 Stab: Sleeping          |    18 |    16 |    31 ||    65
       Distracted        |       |     2 |     2 ||     4
Armor: Skin              |     1 |     7 |    13 ||    21
Dodge: Dodged            |     7 |    17 |    62 ||    86
Block: Buckler           |       |     8 |    24 ||    32
